Cogmind - Beta 13 @@@ ROGUE MODE // 2024.06.08 @ 10:28:46 Player: ZergFTW Result: Destroyed by AG-F43(R) with Subdweller Beam Cannon Performance ------------- Evolutions (0) 0 Regions Visited (3) 600 Robots Destroyed (27) 135 Value Destroyed (657) 657 Prototype IDs (0) 0 Alien Tech Used (0) 0 Bonus (0) 0 TOTAL SCORE: 1392 Bonus ------- None Cogmind --------- Core Integrity 0/250 Matter 290/300 Energy 73/100 System Corruption 0% Temperature Cool (9) Movement Flying (37) Location -10/Subcaves Parts ------- > --- POWER (1) -------- (None) > --- PROPULSION (2) --- Flight Unit Flight Unit > --- UTILITY (2) ------ Signal Interpreter > --- WEAPON (2) ------- Battle Rifle Battle Cannon > --- INVENTORY (5) ---- Light Ion Engine Flight Unit Flight Unit Experimental Sensor Array Signal Interpreter Peak State ------------ > --- POWER ------------ Light Ion Engine > --- PROPULSION ------- Hover Unit Hover Unit > --- UTILITY ---------- Small Storage Unit Improved Trap Extractor > --- WEAPON ----------- Grenade Launcher Makeshift Hammer > --- INVENTORY -------- Flight Unit Flight Unit Flight Unit Flight Unit Experimental Sensor Array Signal Interpreter Signal Interpreter Light Assault Rifle [Rating: 14] Favorites ----------- Power Light Ion Engine Engine Light Ion Engine Power Core Light Nuclear Core Propulsion Hover Unit Leg Aluminum Leg Wheel Wheel Hover Unit Hover Unit Flight Unit Flight Unit Utility Small Storage Unit Device Seismic Detector Storage Small Storage Unit Processor Signal Interpreter Weapon Grenade Launcher Energy Gun Particle Gun Energy Cannon Subdweller Beam Cannon Ballistic Gun Light Assault Rifle Ballistic Cannon Battle Cannon Launcher Grenade Launcher Special Weapon Mining Laser Impact Weapon Makeshift Hammer Build | -11 -10 -10 -10 ------- Run | Yrd Mat Min Sub Slots Evolved . | . . . . Power . | . . . . Propulsion . | . . . . Utility . | . . . . Weapon . | . . . . Parts Attached 41 | 8 16 4 13 Power 5 | 1 3 . 1 Engine 4 | 1 2 . 1 Core 1 | . 1 . . Reactor . | . . . . Propulsion 12 | 3 5 2 2 Treads . | . . . . Leg 2 | . 2 . . Wheel 3 | 3 . . . Hover 5 | . 3 2 . Flight 2 | . . . 2 Utility 8 | 2 2 1 3 Device 4 | 1 . 1 2 Storage 3 | 1 2 . . Processor 1 | . . . 1 Hackware . | . . . . Protection . | . . . . Artifact . | . . . . Weapon 16 | 2 6 1 7 Energy Gun 3 | 1 2 . . Energy Cannon 2 | . . . 2 Ballistic Gun 5 | 1 2 . 2 Ballistic Cannon 1 | . . . 1 Launcher 1 | . 1 . . Special Weapon 1 | . 1 . . Impact Weapon 3 | . . 1 2 Slashing Weapon . | . . . . Piercing Weapon . | . . . . Special Melee Weapon . | . . . . Unidentified Prototypes . | . . . . Parts Lost 12 | . 8 1 3 Power 1 | . 1 . . Propulsion 6 | . 3 1 2 Utility 1 | . 1 . . Weapon 4 | . 3 . 1 Highest Loss Streak 3 | . 3 1 2 To Critical Strikes . | . . . . Average Slot Usage (%) 84 | . 86 88 78 Engine 9 | . 7 14 7 Core 1 | . 5 . . Leg 1 | . 3 . . Wheel 2 | . 6 . . Hover 14 | . 8 22 7 Flight 3 | . . . 15 Device 8 | . 12 8 4 Storage 12 | . 14 14 7 Processor 3 | . . . 14 Energy Gun 3 | . 10 . . Ballistic Gun 7 | . 15 4 . Ballistic Cannon 1 | . . . 4 Launcher 7 | . . 14 6 Impact Weapon 5 | . . 9 7 Naked Turns . | . . . . Heaviest Build 19 | 14 15 17 19 Greatest Support 26 | 26 20 12 12 Greatest Overweight (x) 4 | . 4 2 2 Average Overweight (x) . | . . . . Largest Inventory Capacity 25 | 8 25 8 8 Average Capacity 7 | 6 8 8 6 Most Carried 8 | 5 8 8 8 Average Carried 7 | 2 7 7 6 Final Capacity 8 | 8 8 8 5 Final Carried 8 | 4 8 8 5 Class Distribution -------------------- 84% | Mutant 15% | Scavenger-Mutant Dominant Class ---------------- Mutant | -10/Materials Mutant | -10/Mines Mutant | -10/Subcaves Resources | -11 -10 -10 -10 ----------- Run | Yrd Mat Min Sub Matter Collected 766 | 270 226 94 176 Remotely . | . . . . Salvage Created 780 | 154 381 64 181 Parts 58 | 7 27 4 20 Haulers Intercepted . | . . . . Recyclers Shooed . | . . . . Parts Field Recycled . | . . . . Retrieved Matter . | . . . . Parts Self-Destructed 14 | . . . 14 Prevented . | . . . . Kills | -11 -10 -10 -10 ------- Run | Yrd Mat Min Sub Combat Hostiles Destroyed 19 | . 9 2 8 Guns 7 | . 7 . . Cannons 2 | . . . 2 AOE 10 | . 2 2 6 Classes Destroyed 7 | 2 4 . 1 Worker 1 | . 1 . . Tunneler 3 | 2 1 . . Recycler 1 | 1 . . . Watcher 3 | . 3 . . Swarmer 6 | . 3 . 3 Grunt 8 | . 6 2 . Subdweller 5 | . . . 5 Best Kill Streak 5 | 2 3 2 5 Combat Bots Only 5 | . 3 2 5 Max Kills in Single Turn 3 | 1 2 1 3 Gunslinging . | . . . . Exploded 3 | . 2 1 3 Melee . | . . . . Uniques/NPCs Destroyed . | . . . . Combat | -11 -10 -10 -10 -------- Run | Yrd Mat Min Sub Hostile Shots Fired 98 | . 68 6 24 Missed 27 | . 16 2 9 Damage Taken 997 | . 651 161 185 Core 251 | . 147 48 56 Absorbed by Shields . | . . . . Core Remaining (%) 100 | 100 . . . Volleys Fired 75 | 13 43 3 16 Largest 2 | 1 2 1 1 Hottest 120 | 40 120 30 80 Shots Fired 114 | 13 82 3 16 Gun 91 | 13 78 . . Cannon 9 | . . . 9 Launcher 10 | . . 3 7 Special 4 | . 4 . . Kinetic 56 | . 56 . . Thermal 26 | . 17 . 9 Explosive 10 | . . 3 7 Electromagnetic 22 | 13 9 . . Robot Hit Streak 7 | 4 7 . 3 Robot Miss Streak 4 | 2 3 . 4 Penetration Max . | . . . . Secondary Targets 2 | . 2 . . Max Gunslinging Chain 1 | . 1 . . Shots Hit Robots 61 | 9 48 . 4 Core Hits 43 | 3 25 2 13 Critical Kills . | . . . . Critical Parts Destroyed . | . . . . Critical Strikes . | . . . . Melee Attacks . | . . . . Impact . | . . . . Slashing . | . . . . Piercing . | . . . . Sneak Attacks . | . . . . Combat Hostiles . | . . . . Follow-up Attacks . | . . . . Damage Inflicted 1656 | 153 667 153 683 Guns 692 | 117 575 . . Cannons 113 | . . . 113 Explosions 827 | 36 68 153 570 Melee . | . . . . Ramming . | . . . . Kinetic 359 | . 359 . . Thermal 364 | 36 215 . 113 Explosive 723 | . . 153 570 Electromagnetic 210 | 117 93 . . Impact . | . . . . Slashing . | . . . . Piercing . | . . . . Highest Corruption . | . . . . Average Corruption . | . . . . Corruption Purged . | . . . . Corruption Blocked . | . . . . Overload Shots . | . . . . Overflow Damage 13 | 3 . . 10 Projectiles 7 | . . . 7 Explosions 6 | 3 . . 3 Melee . | . . . . Knockbacks . | . . . . Impact . | . . . . Kinetic . | . . . . Secondary . | . . . . Self-Inflicted Damage 65 | . . 31 34 Shots 3 | . . 1 2 Rammed . | . . . . Targets Rammed . | . . . . Kicked . | . . . . Crushed . | . . . . Highest Temperature 144 | . 144 5 72 Average Temperature 39 | . 39 3 37 Received Heat Transfer 411 | . 369 33 9 Siege Activations . | . . . . Robots Corrupted . | . . . . Combat Hostiles . | . . . . Parts Fried . | . . . . Impact Corruptions . | . . . . Robots Melted . | . . . . Combat Hostiles . | . . . . Parts Melted . | . . . . Heat Transferred 544 | . 396 . 148 Parts Sabotaged . | . . . . Parts Stolen . | . . . . Parts Stripped . | . . . . Power Chain Reactions 2 | 1 1 . . Alert | -11 -10 -10 -10 ------- Run | Yrd Mat Min Sub Peak Influence 191 | 15 191 101 . Initial 35 | . 9 35 . Average 53 | 5 97 20 . Maximum Alert Level . | . . . . Low Security (%) 100 | 100 100 100 . Level 1 . | . . . . Level 2 . | . . . . Level 3 . | . . . . Level 4 . | . . . . Level 5 . | . . . . High Security . | . . . . Max Security . | . . . . Squads Dispatched 1 | . 1 . . Investigation 1 | . 1 . . Extermination . | . . . . Reinforcement . | . . . . Assault . | . . . . Garrison . | . . . . Intercept . | . . . . Searches Triggered . | . . . . Construction Impeded . | . . . . Haulers Reinforced . | . . . . Active Scanning Responses . | . . . . Cargo Convoy Interrupts . | . . . . Stealth | -11 -10 -10 -10 --------- Run | Yrd Mat Min Sub Distress Signals 2 | . 2 . . Communications Jammed . | . . . . Distress Signals . | . . . . Times Spotted 37 | . 17 2 18 Peak Tracking Total 5 | . 5 2 5 Tactical Retreats 2 | . 2 . . Traps | -11 -10 -10 -10 ------- Run | Yrd Mat Min Sub Traps Triggered 2 | . 1 1 . Indirectly . | . . . . Trap Hack Attempts . | . . . . Triggered . | . . . . Disarmed . | . . . . Reprogrammed . | . . . . Reused . | . . . . Traps Extracted 4 | . . 4 . Installed . | . . . . Triggered . | . . . . Most Traps Carried 5 | . . 5 . Machines | -11 -10 -10 -10 ---------- Run | Yrd Mat Min Sub Machines Disabled 1 | . 1 . . Max in Single Turn 1 | . 1 . . Machines Repaired . | . . . . Machines Dismantled . | . . . . Machines Sabotaged . | . . . . Overloaded Fab Kills . | . . . . Hacking | -11 -10 -10 -10 --------- Run | Yrd Mat Min Sub Machines Accessed 4 | . 3 1 . Terminals 2 | . 2 . . Fabricators . | . . . . Repair Stations . | . . . . Recycling Units 1 | . 1 . . Scanalyzers . | . . . . Garrison Access . | . . . . Total Hacks 9 | . 8 1 . Successful 6 | . 5 1 . Failed 3 | . 3 . . Catastrophic . | . . . . Database Lockouts . | . . . . Manual . | . . . . Terminals 5 | . 5 . . Fabricators . | . . . . Repair Stations . | . . . . Recycling Units 3 | . 3 . . Scanalyzers . | . . . . Garrison Access . | . . . . Terminal Hacks 4 | . 3 1 . Record 1 | . 1 . . Open Door 1 | . . 1 . Emergency Access Points 1 | . 1 . . Zone Layout 1 | . 1 . . Fabricator Hacks . | . . . . Repair Station Hacks . | . . . . Recycling Unit Hacks 2 | . 2 . . Report Inventory 1 | . 1 . . Retrieve Components 1 | . 1 . . Scanalyzer . | . . . . Garrison Access Hacks . | . . . . Unauthorized Hacks . | . . . . Terminals . | . . . . Fabricators . | . . . . Repair Stations . | . . . . Recycling Units . | . . . . Scanalyzers . | . . . . Garrison Access . | . . . . Data Cores Recovered . | . . . . Used . | . . . . Hacking Detections 1 | . 1 . . Full Trace Events . | . . . . Feedback Events . | . . . . Feedback Blocked . | . . . . Robot Schematics Acquired . | . . . . Robots Built . | . . . . Authchips . | . . . . Time . | . . . . Total Robot Build Rating . | . . . . Part Schematics Acquired . | . . . . Parts Built . | . . . . Authchips . | . . . . Time . | . . . . Total Part Build Rating . | . . . . Parts Repaired . | . . . . Time . | . . . . Parts Recycled . | . . . . Recycled Matter . | . . . . Retrieved Matter . | . . . . Retrieved Components 5 | . 5 . . Parts Scanalyzed . | . . . . Part Schematics Acquired . | . . . . Parts Damaged . | . . . . Bothacking | -11 -10 -10 -10 ------------ Run | Yrd Mat Min Sub Used RIF Installer . | . . . . Robots Hacked . | . . . . Non-combat . | . . . . Combat . | . . . . Robot Hacks Applied . | . . . . Relay Couplers Released . | . . . . Fabnet Peak Effective % . | . . . . Robots Rewired . | . . . . Allies Hacked . | . . . . Hacks Repelled . | . . . . Allies | -11 -10 -10 -10 -------- Run | Yrd Mat Min Sub Total Allies . | . . . . Largest Group . | . . . . Highest-Rated Group . | . . . . Highest-Rated Ally . | . . . . Total Orders . | . . . . Ally Attacks . | . . . . Total Damage . | . . . . Kills . | . . . . Allies Corrupted . | . . . . Allies Melted . | . . . . Intel | -11 -10 -10 -10 ------- Run | Yrd Mat Min Sub Robot Analysis Total . | . . . . Derelict Logs Recovered 1 | . . 1 . Drone Launches . | . . . . Drone Recoveries . | . . . . Exploration | -11 -10 -10 -10 ------------- Run | Yrd Mat Min Sub Turns Passed 1884 | 109 644 703 428 Spaces Moved 1783 | 61 439 718 565 Core 53 | 4 49 . . Treads . | . . . . Legs 54 | . 54 . . Wheels 164 | 57 107 . . Hover 1048 | . 229 718 101 Flight 464 | . . . 464 Fastest Speed 37 | 50 56 56 37 Average Speed 85 | 87 101 94 60 Slowest Speed 250 | 100 250 180 197 Overloaded Moves . | . . . . Propulsion Burnouts . | . . . . Robots Hopped . | . . . . Cave-ins Triggered . | . . . . Exploration Rate (%) 44 | 4 48 99 26 Regions Visited 3 Branch Regions 2 Pre-discovered Areas 1 | . . . 1 Known Exits Taken . | . . . . Unknown Exits Taken 3 | 1 1 1 . Scrap Searched 2 | . . 1 1 Spaces Dug . | . . . . Terrain Destroyed 67 | 3 3 28 33 Melee . | . . . . Projectile 3 | . . . 3 AOE 64 | 3 3 28 30 Terrain Rammed . | . . . . Walls Destroyed . | . . . . Machines Disabled . | . . . . Actions | -11 -10 -10 -10 --------- Run | Yrd Mat Min Sub Total 2031 | 103 553 737 638 Wait 74 | 9 29 7 29 Move 1780 | 60 438 717 565 Hop . | . . . . Pick Up 35 | 12 18 2 3 Fast Attach 9 | . 2 3 4 Attach 22 | 7 8 . 7 Detach 4 | . . . 4 Swap 10 | 1 6 1 2 Drop 22 | 1 9 4 8 Fire 75 | 13 43 3 16 Melee . | . . . . Ram . | . . . . Kick . | . . . . Crush . | . . . . Escape Stasis . | . . . . Rewire . | . . . . Trap . | . . . . Miscellaneous . | . . . . Route ------- -11/Scrapyard -10/Materials (discovered 2 exits: *Min x2) -10/Mines (discovered 3 exits: [*Mat x2] / [*Sub]) -10/Subcaves (discovered 2 exits: *Mat / Rec) History --------- Turn | Location | Event 11 | -11/Scrapyard | Discovered new exit (range 15) 110 | -11/Scrapyard | Entered Materials 281 | -10/Materials | Lost 3 parts (1p1n1w) 307 | -10/Materials | Core integrity fell below 50% 310 | -10/Materials | Build established: Mutant 339 | -10/Materials | Lost 3 parts (1n2w) 447 | -10/Materials | Discovered new exit (range 14) 739 | -10/Materials | Discovered new exit (range 10) 754 | -10/Materials | Entered Mines 811 | -10/Mines | A weapon hastily lodged in a ceiling crevice suddenly fell to the ground 977 | -10/Mines | Met a Derelict who couldn't figure out how to use a Trap Extractor 1118 | -10/Mines | Discovered new exit (range 5) 1228 | -10/Mines | Discovered new exit (range 14) 1279 | -10/Mines | Found a hidden stash of uninstalled traps 1338 | -10/Mines | Found a damaged Exp. Sensor Array with a note attached 1343 | -10/Mines | Found Prototype Device 1454 | -10/Mines | Discovered new exit (range 4) 1457 | -10/Mines | Entered Subcaves 1458 | -10/Subcaves | Identified exit to Recycling 1491 | -10/Subcaves | Core integrity fell below 20% 1494 | -10/Subcaves | A swath of the cavern ceiling suddenly collapsed 1631 | -10/Subcaves | Ambushed by swarm of Subdwellers 1635 | -10/Subcaves | Ambushed by Subdwellers from Twisted Machinery 1710 | -10/Subcaves | A swath of the cavern ceiling suddenly collapsed 1746 | -10/Subcaves | Shifting Twisted Machinery released Battle Cannon 1778 | -10/Subcaves | Shifting Twisted Machinery released Mak. System Restoration Module 1859 | -10/Subcaves | Discovered new exit (range 10) 1862 | -10/Subcaves | Identified exit to Materials 1878 | -10/Subcaves | Learned location of Zion (-7) 1878 | -10/Subcaves | Met a Zionite searching for "candidates" 1885 | -10/Subcaves | Destroyed by AG-F43(R) with Subdweller Beam Cannon Last Messages --------------- Mak. System Restoration Module falls loose from the Twisted Machinery. Acquired Mak. System Restoration Module. Acquired 28 matter. Acquired 2 matter. Extracted 1 energy. Subatomizers dissect the Sub. Monowheel. EXIT=FOUND EXIT=IDENTIFIED: MATERIALS SU-HVP(z): "She is not going to be happy we haven't found any suitable candidates yet." SU-HVP(z): "Hey you! It's really dangerous down here, I feel that you could die at any moment. For your health and safety might I suggest a trip to Zion?" World map updated: -7/Zion. Searching scrap... Found Spk. Treads. Found Battle Rifle. Found 13 Matter. Dropped Mak. System Restoration Module. Acquired Battle Rifle. Map ----- +----------------------------------------------------+ | ?????????????????????????????????????????????????? | | ?????????????????????????????????????????????????? | | ?????????????????????????????????????????????????? | | ?????????????????????????????????????????????????? | | ?????????????????????????????????????????????????? | | ?????????????????????????????????????????????????? | | ?????????????????????????????????????????????????? | | ?????????????????????????????????????????????????? | | ?????????????????????????????????????????????????? | | ?????????????????????????????????????????????????? | | ?????????????????????????????????????????????????? | | ?????????????????????????????????????????????????? | | ?????????????????????????????????????????????????? | | ?????????????????????????????????????????????????? | | ?????????????????????????????????????????????????? | | ???????????????######????????????????????????????? | | ???????????????# ######???????????????????????? | | ??????????###### ## #???????????????????????? | | ??????????# # ###??????????????????????? | | ??????????# ## ###????????????????????? | | ???????##### #????????????????????? | | ??????## ### ##????????????????????? | | ??????# ### #### #????????????????????? | | ??????# #?# ### #??# ##????????????????????? | | ??????# ### #?# #?## #?????????????????????? | | ??????# # # #?# #?# @ #???##????????????????? | | ?? ???# #? ?# %=#??? ?????????????????? | | ?# ???# #### ### ! #?? ##????????????????? | | ## ??# #####??# ####! ### #????????????????? | | ??### ##???? #; ##???????????????? | | ????# ##???### ????????????????? | | ????# #??????## ?????????????????? | | ##?## #???????# ??????????????????? | | ### ####????? ??????????????????? | | ## #????? ## ?????????????????? | | # ##### #?????##= ;#?# #????????????????? | | ?# #### #??????#R###??##????????????????? | | ?# #?????## #?????????????????????? | | ## ##????# R##?????????????????????? | | # #????## ###????????????????????? | | ## ###### < ##???????????????????? | | ?# ## # ## ##??????????????????? | | ?# ### #??????????????????? | | ## ###""" ##??????????????????? | | # ## """ ## # # ##???????????????????? | | " # """ ###### ##????????????????????? | | ""## "" #????# #?????????????????????? | | ""#### #???? #?????????????????????? | | " #??## #???? ?????????????????????? | | ""##??# "#???? ????????????????????? | +----------------------------------------------------+ Best States ------------- Heat Dissipation 25 Energy Generation 14 Energy Capacity 250 Matter Stores 300 Matter Capacity 300 Sight Range 21 Terrain Scan Density 10 Evasion (%) 62 Trap Extractor Capacity 6 Item Schematics ----------------- None Robot Schematics ------------------ None Fabricated ------------ Nothing Alien Tech Used ----------------- None Achievements -------------- None Challenges ------------ None Game ------ Seed LightningActiveAirjet Manual? 0 Play Time 00:45:31 Cumulative 4.5 hours Start 2024.06.07 @ 22:27:14 End 2024.06.08 @ 10:28:46 Sessions 3 Manual Loads 0 Difficulty Rogue Special Mode None Game No. 3 Rogue 2 Adventurer 1 Explorer 0 Win Type - Total 0 Types 0/0/0/0/0/0/0/0/0 Lore% 13 Gallery% 5 Achievement% 8 Wizard Run 0 Options --------- Layout 1 ASCII 0 Keyboard 0 Movement Mouse Keybinds 0 Fullscreen 2 Font 24/Proggy Map View 76x35 Zoom Use 0% Tactical HUD 0 Map Filters NONE Filters NONE Steam 1 RUN: 555cf9c8-e39c-4367-b62d-65d5ea17fd17